 Dungeon Crawl Stone Soup version 0.21-a0-442-g848f44b (webtiles) character file.

41 KristoblXynda the Ducker (level 3, 0/18 HPs)
             Began as a Spriggan Gladiator on Nov 14, 2017.
             Slain by an adder (5 damage)
             ... on level 2 of the Dungeon.
             The game lasted 00:01:33 (840 turns).

KristoblXynda the Ducker (Spriggan Gladiator)        Turns: 840, Time: 00:01:34

Health: 0/18       AC:  2    Str: 11    XL:     3   Next: 32%
Magic:  4/4        EV: 20    Int:  9    God:
Gold:   48         SH:  0    Dex: 17    Spells: 2/2 levels left

rFire    . . .     SeeInvis +   a - +0 long sword
rCold    . . .     Gourm    .   (shield restricted)
rNeg     . . .     Faith    .   b - +0 robe
rPois    .         Spirit   .   c - +0 hat
rElec    .         Reflect  .   (no cloak)
rCorr    .         Harm     .   (gloves unavailable)
MR       .....                  (boots unavailable)
Stlth    ++........             i - amulet of regeneration
HPRegen  0.46/turn              (no ring)
MPRegen  0.09/turn              (no ring)

@: lethally poisoned (0 -> 0), very quick
A: unfitting armour, see invisible, herbivore 3, speed 3, slow metabolism 2
a: no special abilities


You were on level 2 of the Dungeon.
You were not hungry.

You visited 1 branch of the dungeon, and saw 2 of its levels.

You collected 48 gold pieces.

Inventory:

Hand Weapons
 a - a +0 long sword (weapon)
Missiles
 d - 3 throwing nets (quivered)
Armour
 b - a +0 robe (worn)
 c - a +0 hat (worn)
Jewellery
 i - an amulet of regeneration (around neck)
Scrolls
 g - 4 scrolls of identify {unknown}
 j - a scroll of enchant weapon {unknown}
 k - a scroll of remove curse
Potions
 e - a potion of heal wounds {unknown}
 h - 3 potions of curing {unknown}
Comestibles
 f - 2 bread rations


   Skills:
 - Level 1.5 Fighting
 * Level 3.3 Long Blades
 - Level 2.0 Throwing
 + Level 5.1 Dodging


You had 2 spell levels left.
You didn't know any spells.

Dungeon Overview and Level Annotations

Branches:
Dungeon (2/15)

Altars:


Innate Abilities, Weirdness & Mutations

You are very small and have problems with some larger weapons.
You are too small for most types of armour.
You have supernaturally acute eyesight. (SInv)
You are a herbivore.
You cover ground extremely quickly.
You need consume almost no food.


Message History

The adder is moderately wounded.
The adder barely misses you.
You hit the adder.
The adder is almost dead.
You feel sick. The adder barely misses you. The adder bites you.
* * * LOW HITPOINT WARNING * * *
Unknown command.
You closely miss the adder.
The adder is almost dead.
The adder barely misses you.
Found a short sword.
You closely miss the adder.
The adder is almost dead.
The adder misses you.
You riposte.
You closely miss the adder.
The adder is almost dead.
Unknown command.
You miss the adder.
The adder is almost dead.
You feel sick. The adder bites you.
You die...

..
.#######..
.........#
.........#
.........#
.........#
.........#
.......S.#
.......@.#
.........#
.........#
........##
####.....
+.....
#.....
#.....)


You could see an adder.

Vanquished Creatures
  An ooze (D:1)
  A dart slug (D:1)
  2 leopard geckos (D:1)
  A ball python (D:1)
  A giant cockroach (D:2)
  2 goblins (D:1)
  9 hobgoblins (D:1)
  2 kobolds (D:1)
  3 bats (D:1)
  3 frilled lizards (D:1)
  5 rats (D:1)
30 creatures vanquished.

Notes
Turn   | Place    | Note
-------+----------+-------------------------------------------
     0 | D:1      | KristoblXynda the Spriggan Gladiator began the quest for the Orb.
     0 | D:1      | Reached XP level 1. HP: 10/10 MP: 2/2
   389 | D:1      | Reached XP level 2. HP: 14/14 MP: 3/3
   534 | D:1      | Reached skill level 5 in Dodging
   545 | D:1      | Reached XP level 3. HP: 10/18 MP: 4/4
   840 | D:2      | Slain by an adder

Vault maps used:
D:1:      lightli_arrival_quake, serial_bayou_pond_b
D:2:      wad_pebble_path, fedhas_altar_4, uniq_robin, uniq_sigmund

Skill      XL: |  1  2 |
---------------+-------+-----
Long Blades    | 3 |  3.3
Dodging        | 5 |  5.1
Fighting       | |  1.5
Throwing       | |  2.0

Action                   || total
-------------------------++-------
Melee: Long sword        ||    71
  Use: Scroll            ||     1
 Stab: Sleeping          ||     1
Armor: Robe              ||     3
Dodge: Dodged            ||    71
       Rpst.: Long sword ||    21

Table legend:
 A = Spawn XP
 B = Non-spawn XP
 C = Spawn XP percentage of total XP
 D = Spawn monster count
 E = Non-spawn monster count
 F = Spawn count percentage of total count
 G = Total turns spent on level
                    A         B        C        D         E        F      G
               +---------+---------+-------+---------+---------+-------+---------
         Total |       0 |      59 |   0.0 |       0 |      30 |   0.0 |   840
               +---------+---------+-------+---------+---------+-------+---------
           D:1 |       0 |      57 |   0.0 |       0 |      29 |   0.0 |   825
           D:2 |       0 |       2 |   0.0 |       0 |       1 |   0.0 |    15
               +---------+---------+-------+---------+---------+-------+---------
